 Dungeon Crawl Stone Soup version 0.26.1-2-gb8aa6d0cf2 (webtiles) character file.

Game seed: 8776233485814778999

63 Qrupt the Skirmisher (level 4, -3/28 HPs)
             Began as a Tengu Abyssal Knight on Feb 16, 2021.
             Was a Believer of Lugonu.
             Killed from afar by Terence (11 damage)
             ... with a puff of flame
             ... on level 2 of the Dungeon.
             The game lasted 00:02:57 (1703 turns).

Qrupt the Skirmisher (Tengu Abyssal Knight)         Turns: 1703, Time: 00:02:58

Health: -3/28      AC:  3    Str: 13    XL:     4   Next: 10%
Magic:  6/6        EV: 13    Int: 12    God:    Lugonu [**....]
Gold:   29         SH:  0    Dex: 14    Spells: 3/3 levels left

rFire    . . .     SeeInvis .   a - +1 spear
rCold    . . .     Faith    .   (no shield)
rNeg     . . .     Spirit   .   b - +0 leather armour
rPois    .         Reflect  .   (helmet restricted)
rElec    .         Harm     .   (no cloak)
rCorr    .         Rampage  .   (no gloves)
Will     .....                  (boots unavailable)
Stlth    +.........             (no amulet)
HPRegen  0.09/turn              (no ring)
MPRegen  0.10/turn              (no ring)

@: flying quickly and evasively, quick
A: beak, talons 3
a: Renounce Religion, Depart the Abyss, Bend Space


You were on level 2 of the Dungeon.
You worshipped Lugonu.
Lugonu was pleased with you.
You visited 1 branch of the dungeon, and saw 2 of its levels.
You visited the Abyss 1 time.

You collected 29 gold pieces.

Inventory:

Hand Weapons
 a - a +1 spear (weapon)
Armour
 b - a +0 leather armour (worn)
Scrolls
 c - a scroll of remove curse {unknown}
 d - 2 scrolls of identify
Potions
 e - a potion of haste
 g - a potion of flight
 h - a potion of magic {unknown}


   Skills:
 + Level 3.5 Fighting
 + Level 3.0 Polearms
 + Level 3.0 Armour
 - Level 1.1 Dodging
 + Level 2.2 Invocations


You had 3 spell levels left.
You didn't know any spells.
Your spell library was empty.

Dungeon Overview and Level Annotations

Branches:
Dungeon (2/15)

Altars:

Annotations:
D:2 Terence


Innate Abilities, Weirdness & Mutations

You have a beak for a mouth.
You have claws for feet.


Message History

As you read the scroll labelled TUESKEVONO, it crumbles to dust.
It is a scroll of identify.
e - a potion of haste Terence hits you from afar with a +0 trident!
* * * LOW HITPOINT WARNING * * *
It was a potion of flight.
You feel very buoyant.
You swoop lightly up into the air.
Terence hits you from afar with a +0 trident.
* * * LOW HITPOINT WARNING * * *
It was a potion of curing.
You feel better. Terence barely misses you.
You hit Terence. Your peck misses Terence.
Terence is lightly wounded.
Terence hits you with a +0 trident.
* * * LOW HITPOINT WARNING * * *
You hit Terence but do no damage. You claw Terence, but do no damage.
Terence is lightly wounded.
The leopard gecko closely misses you.
Terence zaps a wand.
The puff of flame hits you!
You die...

#.##......#.###
#...........#
##......###
##...#.#
##.##.# #.##.#
..#####)##.#
...........#
......l@####
....###@# ...
... .. ...## #
#####


You could see Terence and a leopard gecko.

Vanquished Creatures
  Robin (D:1)
  An adder (D:2)
  An ooze (D:1)
  2 bats (D:1)
  A giant cockroach (D:1)
  14 goblins
  7 hobgoblins
  4 kobolds
  A frilled lizard (D:1)
  3 rats
35 creatures vanquished.

Notes
Turn   | Place    | Note
-------+----------+-------------------------------------------
     0 | Abyss:1  | Qrupt the Tengu Abyssal Knight began the quest for the Orb.
     0 | Abyss:1  | Reached XP level 1. HP: 14/14 MP: 3/3
    53 | Abyss:1  | Noticed a starcursed mass
    55 | D:1      | Escaped the Abyss
   281 | D:1      | Reached * piety under Lugonu
   282 | D:1      | Reached XP level 2. HP: 19/19 MP: 4/4
  1247 | D:2      | Noticed Robin
  1271 | D:1      | Reached XP level 3. HP: 21/23 MP: 5/5
  1275 | D:1      | Killed Robin
  1569 | D:2      | Reached XP level 4. HP: 18/28 MP: 6/6
  1693 | D:2      | Reached ** piety under Lugonu
  1693 | D:2      | Noticed Terence
  1703 | D:2      | Killed from afar by Terence

Illustrated notes

Levels and vault maps discovered:
D:1:      erik_arrival_triangle_large, layout_basic
D:2:      layout_loops_ring, uniq_sigmund, uniq_robin, uniq_terence

Skill      XL: |  1  2  3  4 |
---------------+-------------+-----
Invocations    | 2 |  2.2
Polearms       | 3 |  3.0
Armour         | 3 |  3.0
Fighting       | |  3.5
Dodging        | |  1.1

Action                   |  1- 3 |  4- 6 || total
-------------------------+-------+-------++-------
Melee: Spear             |    88 |    10 ||    98
       Kick              |    14 |     1 ||    15
       Peck              |     6 |       ||     6
Invok: Depart the Abyss  |     1 |       ||     1
  Use: Potion            |       |     2 ||     2
       Scroll            |       |     1 ||     1
Armor: Leather armour    |    11 |       ||    11
Dodge: Dodged            |    35 |     2 ||    37
